 Dungeon Crawl Stone Soup version 0.22-b1-26-g9dbaab1 (webtiles) character file.

85 abbott299 the Firebug (level 4, -6/35 HPs)
             Began as a Draconian Fire Elementalist on Aug 6, 2018.
             Shot with an arrow by a centaur (10 damage)
             ... on level 3 of the Dungeon.
             The game lasted 00:10:29 (2240 turns).

abbott299 the Firebug (Draconian Fire Elementalist) Turns: 2240, Time: 00:10:30

Health: -6/35      AC:  6    Str: 11    XL:     4   Next: 25%
Magic:  3/7        EV: 12    Int: 16    God:
Gold:   66         SH:  0    Dex: 11    Spells: 4/7 levels left

rFire    . . .     SeeInvis .   m - +2 whip (drain)
rCold    . . .     Gourm    .   (no shield)
rNeg     . . .     Faith    .   (armour unavailable)
rPois    .         Spirit   .   (helmet restricted)
rElec    .         Reflect  .   (no cloak)
rCorr    .         Harm     .   d - +0 pair of gloves {archery}
MR       .....                  (no boots)
Stlth    ++........             (no amulet)
HPRegen  0.11/turn              (no ring)
MPRegen  0.10/turn              (no ring)

@: no status effects
A: unfitting armour, cold-blooded, AC +5
a: no special abilities


You were on level 3 of the Dungeon.
You were not hungry.

You visited 1 branch of the dungeon, and saw 3 of its levels.

You collected 66 gold pieces.

Inventory:

Hand Weapons
 a - a +0 short sword
   (You found it on level 1 of the Dungeon)
 m - a +2 whip of draining (weapon)
   (You found it on level 2 of the Dungeon)
Armour
 d - a +0 pair of gloves of archery (worn)
   (You found it on level 1 of the Dungeon)
Jewellery
 h - an uncursed ring of wizardry {unknown}
   (You found it on level 2 of the Dungeon)
Scrolls
 c - a scroll of teleportation {unknown}
 e - a scroll of noise {unknown}
 j - 5 scrolls of remove curse {unknown}
 l - 3 scrolls of identify {unknown}
Potions
 f - a potion of agility {unknown}
 g - 2 potions of berserk rage {unknown}
 i - a potion of haste {unknown}
 k - a potion of curing {unknown}
 n - a potion of lignification {unknown}
Comestibles
 b - 5 rations


   Skills:
 + Level 1.1 Fighting
 + Level 2.4 Dodging
 - Level 2.0 Stealth
 + Level 2.4 Spellcasting
 * Level 2.2 Conjurations
 + Level 3.4 Fire Magic


You had 4 spell levels left.
You knew the following spells:

 Your Spells              Type           Power        Failure   Level  Hunger
a - Flame Tongue          Conj/Fire      ##...        6%          1    #......
x - Throw Flame           Conj/Fire      ##....       10%         2    ###....

Your spell library contained the following spells:

 Spells                   Type           Power        Failure   Level  Hunger
 Fireball                 Conj/Fire      ##........   86%         5    ######.
 Conjure Flame            Conj/Fire      ##......     19%         3    ###....
 Sticky Flame             Conj/Fire      ##......     52%         4    #####..
 Inner Flame              Hex/Fire       #.......     30%         3    ###....


Dungeon Overview and Level Annotations

Branches:
Dungeon (3/15)

Altars:


Innate Abilities, Weirdness & Mutations

Your plain brown scales are hard. (AC +5)
You cannot fit into any form of body armour.
You are cold-blooded and may be slowed by cold attacks.


Message History

You have reached level 4!
You feel stronger.
Health restored: 35 You now have 2/7 mp.
A worm comes into view.
Okay, then.
Okay, then.
Okay, then.
You see here an adder corpse.
Aim: a worm The puff of flame hits the worm.
You now have 2/7 mp.
Aim: a worm (moderately wounded)
The puff of flame hits the worm.
You now have 0/7 mp.
Okay, then.
Aim: a worm (lightly wounded)
The flame tongue hits the worm.
You now have 0/7 mp.
The worm closely misses you.
You are feeling hungry.
You hit the worm.
Your tail-slap misses the worm.
The worm barely misses you.
You hit the worm. You drain the worm! You barely miss the worm.
The worm bites you!
You take 7 damage, and have 28/35 hp.
You hit the worm. You drain the worm!
Aim: a worm (heavily wounded, heavily drained)
The flame tongue hits the worm.
You kill the worm!
You now have 0/7 mp.
You see here a worm corpse.
You butcher the worm corpse.
o - a chunk of flesh {@w0} Eating a chunk of flesh {@w0}.
You eat the chunk of flesh {@w0}.
You see here an adder corpse.
A giant cockroach comes into view.
Health restored: 35 You regained 5 mp, and now have 6/7 mp.
You can't see any susceptible monsters within range! (Use Z to cast anyway.) Unknown command.
You can't see any susceptible monsters within range! (Use Z to cast anyway.)
Aim: a giant cockroach (clinging)
The flame tongue hits the giant cockroach.
You now have 5/7 mp.
Aim: a giant cockroach (heavily wounded, clinging)
The flame tongue hits the giant cockroach.
The giant cockroach appears unharmed.
The giant cockroach closely misses you.
You now have 4/7 mp.
Aim: a giant cockroach (heavily wounded, clinging)
The flame tongue hits the giant cockroach.
You kill the giant cockroach!
Found a stone staircase leading down.
A hobgoblin comes into view.
MP restored: 7 A goblin comes into view.
It is wielding a dagger.
There is a stone staircase leading down here.
You can't see any susceptible monsters within range! (Use Z to cast anyway.) Unknown command.
You can't see any susceptible monsters within range! (Use Z to cast anyway.) Unknown command.
Aim: a goblin, wielding a dagger The flame tongue misses the goblin.
You now have 6/7 mp.
Aim: a goblin, wielding a dagger The flame tongue hits the goblin.
You kill the goblin!
You now have 5/7 mp.
Things that are here:
a dagger; a goblin corpse A giant cockroach and an orc come into view.
The orc shouts!
You hear a shout!
An orc comes into view. It is wielding a club.
A rat and a centaur come into view.
The centaur wields a shortbow.
The centaur shoots an arrow.
The arrow hits you!
You see here an arrow.
You take 10 damage, and have 25/35 hp.
MASSIVE DAMAGE!!
Aim: a giant cockroach The flame tongue hits the giant cockroach.
You kill the giant cockroach!
You now have 4/7 mp.
Aim: an orc, wielding a club The flame tongue hits the orc.
You kill the orc!
The centaur shoots an arrow.
The arrow hits you!
You take 10 damage, and have 15/35 hp.
MASSIVE DAMAGE!!
Aim: a rat The flame tongue hits the rat.
You kill the rat!
The centaur shoots an arrow.
The arrow closely misses you.
An orc comes into view.
You now have 3/7 mp.
The centaur shoots an arrow.
The arrow hits you!
* * * LOW HITPOINT WARNING * * *
You see here an arrow.
You take 12 damage, and have 4/35 hp.
MASSIVE DAMAGE!!
The centaur shoots an arrow.
The arrow hits you!
You die...

#.##......# ...
#.#....o..# #.#
#.........# ##.#
#.....c.r.# #..#
#...$.†...# ##..#
#(#(# #...# #
#.#(# ##.#.#
#.#..(# g# #..#.#
#$..(@# #.#
#.##.# #..#..# ..
##.##.#
#..#.>####.#
#..##.# #.
#....(#.###.###.#
# #.......##..#
#.#
#.##......###.##
#.# #.##......#
#.# #.#
#.........# #.#
#.#
#.#.......###.#
#.#


You could see a centaur and an orc (wandering).

Vanquished Creatures
  2 adders
  3 worms
  3 dart slugs
  An orc (D:3)
  A ball python (D:2)
  4 giant cockroaches
  6 hobgoblins (D:1)
  7 jackals (D:1)
  5 bats
  2 frilled lizards (D:1)
  5 goblins
  4 kobolds
  7 rats
50 creatures vanquished.

Notes
Turn   | Place    | Note
-------+----------+-------------------------------------------
     0 | D:1      | abbott299 the Draconian Fire Elementalist began the quest for the Orb.
     0 | D:1      | Reached XP level 1. HP: 14/14 MP: 3/3
    70 | D:1      | Reached skill level 2 in Stealth
    70 | D:1      | Reached XP level 2. HP: 14/20 MP: 5/5
   218 | D:1      | Learned a level 2 spell: Throw Flame
   240 | D:1      | Reached skill level 2 in Dodging
   828 | D:1      | Reached XP level 3. HP: 26/26 MP: 0/6
  1267 | D:1      | You fall through a shaft!
  1790 | D:2      | Reached skill level 2 in Conjurations
  2086 | D:3      | Reached skill level 1 in Fighting
  2086 | D:3      | Reached XP level 4. HP: 35/35 MP: 2/7
  2234 | D:3      | Noticed a centaur
  2239 | D:3      | HP: 4/35 [centaur/arrow (12)]
  2240 | D:3      | Shot with an arrow by a centaur

Skill      XL: |  1  2  3 |
---------------+----------+-----
Stealth        | 2 |  2.0
Dodging        | 2 |  2.4
Conjurations   | 2 |  2.2
Fighting       | 1 |  1.1
Spellcasting   | |  2.4
Fire Magic     | |  3.4

Action                   |  1- 3 |  4- 6 || total
-------------------------+-------+-------++-------
Melee: Short sword       |    48 |       ||    48
       Unarmed           |     9 |       ||     9
       Tailslap          |     6 |       ||     6
       Whip              |     3 |     4 ||     7
 Cast: Throw Flame       |    32 |     3 ||    35
       Flame Tongue      |    28 |    10 ||    38
 Stab: Sleeping          |     1 |       ||     1
  Eat: Chunk             |     6 |     1 ||     7
Armor: Skin              |    30 |       ||    30
Dodge: Dodged            |    50 |     4 ||    54

Vault maps used:
D:1:      onia_arrival_pentagram, moated_statue
D:3:      dk_noncrumbling_3, nicolae_ru_the_path_less_chosen

Table legend:
 A = Turns spent in this place as a percentage of turns spent in the entire game.
 B = Non-inter-level travel turns spent in this place as a percentage of non-inter-level travel turns spent in the entire game.
 C = Inter-level travel turns spent in this place as a percentage of turns spent in this place.
 D = Turns resting spent in this place as a percentage of non-inter-level travel turns spent in this place.
 E = Turns spent auto-exploring this place as a percentage of non-inter-level travel turns spent in this place.
 F = Non-inter-level travel turns spent in this place divided by the number of levels of this place that you've seen.
                   A       B       C       D       E      F
               +-------+-------+-------+-------+-------+----------------------
         Total | 100.0 | 100.0 |   1.3 |  26.3 |  47.7 | 737.0
       Dungeon | 100.0 | 100.0 |   1.3 |  26.3 |  47.7 | 737.0
               +-------+-------+-------+-------+-------+----------------------

Table legend:
 A = Kills in this place as a percentage of kills in entire the game.
 B = Kills by you in this place as a percentage of kills by you in the entire game.
 C = Kills by friends in this place as a percentage of kills by friends in the entire game.
 D = Other kills in this place as a percentage of other kills in the entire game.
 E = Experience gained in this place as a percentage of experience gained in the entire game.
 F = Experience gained in this place divided by the number of levels of this place that you have seen.
                   A       B       C       D       E      F
               +-------+-------+-------+-------+-------+----------------------
         Total | 100.0 | 100.0 |   N/A |   N/A | 100.0 |  40.7
       Dungeon | 100.0 | 100.0 |   N/A |   N/A | 100.0 |  40.7
               +-------+-------+-------+-------+-------+----------------------
